[Event "December 19 Early 2023"]
[Site "https://www.chess.com"]
[Date "2023.12.19"]
[Round "5"]
[White "Martin Barcelo, Carles"]
[Black "Perez Cruz, Adianet"]
[Result "1-0"]
[Board "201"]
[TimeControl "180+1"]
[WhiteFideId "24561444"]
[BlackFideId "3510115"]
[WhiteElo "2135"]
[BlackElo "2000"]
[WhiteTeam "ESP"]
[BlackTeam "CUB"]
[WhiteClock "0:00:36"]
[BlackClock "0:01:16"]

1. e4 c6 2. d4 d5 3. exd5 cxd5 4. Bf4 Nf6 5. c3 Nc6 6. Nd2 Bf5 7. Bb5 e6 8. Ngf3 a6 9. Bxc6+ bxc6 10. Ne5 c5 11. Qa4+ Nd7 12. Ndf3 Be7 13. O-O f6 14. Nc6 Qb6 15. Nxe7 Kxe7 16. dxc5 Nxc5 17. Qa3 Kf7 18. Be3 Rac8 19. b4 g5 20. Bxc5 Qb5 21. Nd4 Qd3 22. Rad1 Qe4 23. Rfe1 Qg4 24. h3 Qf4 25. g3 Qc7 26. Nxf5 exf5 27. Re7+ Qxe7 28. Bxe7 Kxe7 29. Rxd5 Kf7 30. Rxf5 Rc6 31. g4 Rhc8 32. Qb3+ Kg7 33. Rc5 Rxc5 34. bxc5 Rxc5 35. Kg2 Re5 36. Kf3 a5 37. Qc4 h5 38. gxh5 Kh6 39. Qf7 g4+ 40. hxg4 Rg5 41. Qxf6+ 1-0

[Event "December 19 Early 2023"]
[Site "https://www.chess.com"]
[Date "2023.12.19"]
[Round "5"]
[White "Recuero Guerra, Javier"]
[Black "Olcayoz, Gizem"]
[Result "1-0"]
[Board "202"]
[TimeControl "180+1"]
[WhiteFideId "2254085"]
[BlackFideId "6301444"]
[WhiteElo "2208"]
[BlackElo "1856"]
[WhiteTeam "ESP"]
[BlackTeam "TUR"]
[WhiteClock "0:00:01"]
[BlackClock "0:00:00"]

1. e4 e6 2. d4 d5 3. Nd2 h6 4. c3 c5 5. exd5 exd5 6. Ngf3 Nf6 7. Bb5+ Bd7 8. Bxd7+ Nbxd7 9. O-O Be7 10. dxc5 Nxc5 11. Nb3 Ne6 12. Nbd4 O-O 13. Re1 Ne4 14. Qd3 N6c5 15. Qd1 Qd7 16. Ne5 Qd6 17. Nd3 Qf6 18. f3 Ng5 19. Be3 Nxd3 20. Qxd3 Rfe8 21. Bf2 Rad8 22. Re2 Bc5 23. Rae1 Rxe2 24. Rxe2 b6 25. Kh1 Qf4 26. Be3 Qf6 27. Bd2 Ne6 28. Nxe6 fxe6 29. Be3 e5 30. Bxc5 bxc5 31. Qe3 e4 32. Rf2 Qa6 33. h3 Qxa2 34. Kh2 1-0

[Event "December 19 Early 2023"]
[Site "https://www.chess.com"]
[Date "2023.12.19"]
[Round "5"]
[White "Vargas, Mauricio"]
[Black "Buscar, Michael"]
[Result "0-1"]
[Board "203"]
[TimeControl "180+1"]
[WhiteFideId "4404572"]
[BlackFideId "2603616"]
[WhiteElo "1982"]
[BlackElo "2010"]
[WhiteTeam "COL"]
[BlackTeam "CAN"]
[WhiteClock "0:01:23"]
[BlackClock "0:01:25"]

1. e4 c5 2. Nc3 g6 3. f4 Bg7 4. Nf3 Nc6 5. Bb5 Nd4 6. Bf1 d6 7. h3 a6 8. Nd5 e6 9. Ne3 Ne7 10. d3 Nec6 11. c3 Nxf3+ 12. Qxf3 b5 13. g4 Bb7 14. Bg2 Qh4+ 15. Qf2 Qxf2+ 16. Kxf2 b4 17. Bd2 h5 18. Nc4 Ke7 19. f5 Ne5 20. Ke2 Nxc4 21. dxc4 bxc3 22. Bxc3 Bxc3 23. bxc3 gxf5 24. exf5 Bxg2 25. Rhg1 Bxh3 26. fxe6 Bxg4+ 27. Kd2 fxe6 28. Rae1 Rab8 29. Kc1 Rhf8 30. Re3 Rf2 31. Rge1 Rxa2 0-1

[Event "December 19 Early 2023"]
[Site "https://www.chess.com"]
[Date "2023.12.19"]
[Round "5"]
[White "Ernst, Luca"]
[Black "Masterisback04"]
[Result "1-0"]
[Board "204"]
[TimeControl "180+1"]
[WhiteFideId "45117055"]
[WhiteElo "1973"]
[BlackElo "1737"]
[WhiteTeam "FRA"]
[WhiteClock "0:00:12"]
[BlackClock "0:00:33"]

1. a3 c6 2. b4 Nf6 3. Bb2 g6 4. g4 h6 5. Bg2 Bg7 6. d3 d5 7. h3 O-O 8. Nd2 Nbd7 9. f4 Qc7 10. e3 e5 11. Ngf3 exf4 12. exf4 Qxf4 13. O-O Nxg4 14. Bxg7 Ne3 15. Qc1 Kxg7 16. Rf2 Nxg2 17. Kxg2 Ne5 18. Qb2 f6 19. Raf1 Nxf3 20. Nxf3 Qf5 21. Ng1 Qg5+ 22. Kh2 Bf5 23. Qd4 Rae8 24. Qxa7 Re7 25. Rg2 Qh5 26. Qf2 Kh7 27. Ne2 Rfe8 28. Nf4 Qxh3+ 29. Nxh3 Re3 30. Ng1 R8e5 31. Rg3 Rxg3 32. Qxg3 h5 33. Qxe5 fxe5 34. a4 Kg7 35. a5 Kf7 36. Ra1 Ke6 37. a6 bxa6 38. Rxa6 Kd6 39. b5 Bd7 40. bxc6 Bxc6 41. Nf3 Kc5 42. Rxc6+ Kxc6 43. Nxe5+ Kd6 44. Nxg6 Kc5 45. c3 d4 46. c4 Kb4 47. Nf4 Kc5 48. Kg3 h4+ 49. Kxh4 Kd6 50. Kg5 Ke5 51. Ne2 Kd6 52. Nxd4 Kc5 53. Nc2 1-0

[Event "December 19 Early 2023"]
[Site "https://www.chess.com"]
[Date "2023.12.19"]
[Round "5"]
[White "Skurikhin, Dmitrij"]
[Black "Rogov, Matfey"]
[Result "1/2-1/2"]
[Board "205"]
[TimeControl "180+1"]
[WhiteFideId "4161297"]
[BlackFideId "44191308"]
[WhiteElo "2197"]
[BlackElo "2057"]
[WhiteTeam "RUS"]
[BlackTeam "RUS"]
[WhiteClock "0:00:26"]
[BlackClock "0:00:04"]

1. d4 e6 2. Nf3 f5 3. g3 Nf6 4. Bg2 d5 5. O-O c6 6. c4 Bd6 7. Bf4 Bxf4 8. gxf4 O-O 9. Nbd2 Bd7 10. Ne5 Be8 11. cxd5 exd5 12. e3 Bh5 13. Qb3 Qc7 14. Rac1 Nbd7 15. f3 Kh8 16. Rf2 Ne8 17. Kh1 Ndf6 18. Nb1 Nd6 19. Nc3 Qb6 20. Na4 Qxb3 21. axb3 h6 22. h4 Rg8 23. Bf1 g5 24. hxg5 hxg5 25. fxg5 Rxg5 26. Rh2 Kg7 27. Nc5 Bf7 28. Be2 Rg8 29. Rg1 Kf8 30. Rxg5 Rxg5 31. Rh6 Ke7 32. Rh8 Rh5+ 33. Rxh5 Bxh5 34. Kg2 Nfe4 35. Bd1 Nxc5 36. dxc5 Ne8 37. b4 Nc7 38. Be2 Ke6 39. Nd3 Bf7 40. f4 d4 41. exd4 Kd5 42. Ne5 Be6 43. b5 Kxd4 44. bxc6 Bd5+ 45. Bf3 bxc6 46. Nxc6+ Bxc6 47. Bxc6 Ne6 48. Kg3 Kxc5 49. Bd7 Nd4 50. Kh4 Kd5 51. Kg5 Ke4 52. b4 Nf3+ 53. Kf6 Nd4 54. Kg5 Nf3+ 55. Kf6 Kxf4 56. Bxf5 Nd4 57. Bd7 Ke4 58. Ke7 Kd5 59. Kd8 Kc4 60. Kc7 Kxb4 61. Kb7 a5 62. Ka6 Nb3 63. Bc6 Nc5+ 64. Kb6 Ne6 65. Ka6 Nd8 66. Bd7 Nf7 67. Kb6 Ne5 68. Be8 Nc4+ 69. Ka6 Nd6 70. Bd7 Nf7 71. Kb6 Ne5 72. Be8 Ng4 73. Ka6 Nf2 74. Kb6 Nd1 75. Ka6 Ne3 76. Kb6 Nc4+ 77. Ka6 Na3 78. Bd7 Nc2 79. Be8 Nd4 80. Bd7 Nb3 81. Be8 Kc5 82. Ba4 Kb4 83. Bxb3 a4 84. Bxa4 1/2-1/2

[Event "December 19 Early 2023"]
[Site "https://www.chess.com"]
[Date "2023.12.19"]
[Round "5"]
[White "Can, Melih Kaan"]
[Black "Larina, Maria"]
[Result "1-0"]
[Board "206"]
[TimeControl "180+1"]
[WhiteFideId "6317383"]
[BlackFideId "24113182"]
[WhiteElo "2022"]
[BlackElo "1848"]
[WhiteTeam "TUR"]
[BlackTeam "FID"]
[WhiteClock "0:00:10"]
[BlackClock "0:00:03"]

1. e4 c6 2. d4 d5 3. exd5 cxd5 4. Bd3 Nc6 5. c3 e5 6. dxe5 Nxe5 7. Bc2 Nf6 8. Ne2 Bc5 9. O-O O-O 10. Bg5 Be7 11. Nd4 h6 12. Bh4 Re8 13. Re1 Nc4 14. Qc1 Ne4 15. Bxe7 Rxe7 16. b3 Ncd6 17. f3 Nf6 18. Nd2 Bd7 19. Nf1 Rc8 20. Qd2 Nb5 21. Nxb5 Bxb5 22. Ng3 Rxe1+ 23. Rxe1 Qb6+ 24. Kh1 Qc7 25. Re3 a5 26. Nf5 Bc6 27. Ne7+ Kf8 28. Nxc8 Qxc8 29. Qd4 Kg8 30. Qf4 Qd7 31. Qf5 Qxf5 32. Bxf5 g6 33. Bh3 Kf8 34. Kg1 Ne8 35. Kf2 Nd6 36. Ke2 Nb5 37. Kd2 d4 38. cxd4 Nxd4 39. Rd3 Nb5 40. Re3 f5 41. g4 f4 42. Rd3 g5 43. Bf1 Ke7 44. Be2 Nd6 45. Kc2 Nf7 46. a4 Ne5 47. Rc3 Kd6 48. Bd1 Nd7 49. Rd3+ Ke5 50. Kc3 Nc5 51. Rd2 Bd5 52. Re2+ Kd6 53. Re8 Ne6 54. Rh8 Ke5 55. Rxh6 Bc6 56. Rh8 Bd5 57. Re8 Bc6 58. Re7 Bd5 59. Be2 Kd6 60. Re8 Bc6 61. Rh8 Bd5 62. Rh6 Ke5 63. Bc4 Bxc4 64. Kxc4 Nd4 65. Rh8 Nxf3 66. Re8+ Kf6 67. h3 Ng1 68. Rb8 f3 69. Rf8+ Ke7 70. Rf5 Nxh3 71. Rxf3 Nf4 72. Re3+ Ne6 73. Kd5 Kd7 74. Rxe6 Kc7 75. Rg6 1-0

[Event "December 19 Early 2023"]
[Site "https://www.chess.com"]
[Date "2023.12.19"]
[Round "5"]
[White "Rozhkov, Viacheslav"]
[Black "Igel2023"]
[Result "1-0"]
[Board "207"]
[TimeControl "180+1"]
[WhiteFideId "4181484"]
[WhiteElo "2237"]
[BlackElo "2232"]
[WhiteTeam "RUS"]
[WhiteClock "0:02:43"]
[BlackClock "0:01:24"]

1. e4 e6 2. d4 d5 3. e5 c5 4. c3 Qb6 5. Nf3 Bd7 6. Be2 Bb5 7. Bxb5+ Qxb5 8. Na3 Qa6 9. dxc5 Bxc5 10. b4 Bb6 11. c4 dxc4 12. O-O Ne7 13. b5 Qa5 14. Nxc4 Qb4 15. Nd6+ Kf8 16. a4 Nd7 17. Ba3 Qf4 18. Nxb7 Nxe5 19. Bxe7+ Kxe7 20. Qd6+ Ke8 21. Nxe5 1-0

[Event "December 19 Early 2023"]
[Site "https://www.chess.com"]
[Date "2023.12.19"]
[Round "5"]
[White "Hobson, Kenneth"]
[Black "Zhuk, Valeriy"]
[Result "0-1"]
[Board "208"]
[TimeControl "180+1"]
[WhiteFideId "480819"]
[BlackFideId "24151254"]
[WhiteElo "1953"]
[BlackElo "2148"]
[WhiteTeam "ENG"]
[BlackTeam "RUS"]
[WhiteClock "0:01:14"]
[BlackClock "0:00:36"]

1. e4 c5 2. Nf3 e6 3. b3 Nc6 4. Bb2 a6 5. c4 d6 6. Nc3 e5 7. g3 g6 8. Bg2 Bg7 9. O-O Nge7 10. Nd5 O-O 11. d3 h6 12. Nd2 f5 13. f4 Be6 14. exf5 Nxf5 15. Re1 Ncd4 16. Nf3 Bxd5 17. cxd5 exf4 18. Nxd4 Bxd4+ 19. Bxd4 Nxd4 20. Qg4 Qg5 21. Qxg5 hxg5 22. Re7 Rf7 23. Rae1 f3 24. Bh3 f2+ 0-1

[Event "December 19 Early 2023"]
[Site "https://www.chess.com"]
[Date "2023.12.19"]
[Round "5"]
[White "Quilter, Thomas A"]
[Black "Kornyukov, Alexey"]
[Result "1-0"]
[Board "209"]
[TimeControl "180+1"]
[WhiteFideId "408530"]
[BlackFideId "4150457"]
[WhiteElo "1962"]
[BlackElo "2352"]
[WhiteTeam "ENG"]
[BlackTeam "RUS"]
[WhiteClock "0:02:18"]
[BlackClock "0:02:05"]

1. e4 c5 2. Nf3 Nc6 3. b4 cxb4 4. d4 d5 5. exd5 Qxd5 6. c4 bxc3 7. Nxc3 Qa5 8. Rb1 Qxc3+ 9. Bd2 Qa3 10. d5 Nf6 11. dxc6 bxc6 12. Qc2 Bd7 13. Bb4 Bf5 14. Qxc6+ 1-0

[Event "December 19 Early 2023"]
[Site "https://www.chess.com"]
[Date "2023.12.19"]
[Round "5"]
[White "Gulamirian, Korun"]
[Black "Shapiro, Daniel"]
[Result "0-1"]
[Board "210"]
[TimeControl "180+1"]
[WhiteFideId "4144899"]
[BlackFideId "2001780"]
[WhiteElo "1621"]
[BlackElo "2305"]
[WhiteTeam "RUS"]
[BlackTeam "USA"]
[WhiteClock "0:00:00"]
[BlackClock "0:00:33"]

1. Nf3 Nf6 2. d4 d5 3. c4 e6 4. Nc3 Bb4 5. Bf4 O-O 6. e3 b6 7. a3 Bd6 8. Ne5 Bb7 9. cxd5 exd5 10. Bd3 a6 11. O-O Qe7 12. Rc1 Nbd7 13. Nxd7 Qxd7 14. Bxd6 Qxd6 15. Bb1 Rfe8 16. Qd3 Rad8 17. Rfd1 g6 18. h3 c5 19. dxc5 bxc5 20. Ne2 Re7 21. Nf4 d4 22. g3 g5 23. Ng2 Qd5 24. e4 Rxe4 25. f3 Re5 26. Rf1 Rc8 27. h4 c4 28. Qd1 d3 29. Rf2 Rce8 0-1

[Event "December 19 Early 2023"]
[Site "https://www.chess.com"]
[Date "2023.12.19"]
[Round "5"]
[White "Vincenti, Leonardo"]
[Black "Nan M K Khine Hlyan"]
[Result "1-0"]
[Board "211"]
[TimeControl "180+1"]
[WhiteFideId "28550820"]
[BlackFideId "13002899"]
[WhiteElo "2054"]
[BlackElo "1943"]
[WhiteTeam "ITA"]
[BlackTeam "MYA"]
[WhiteClock "0:00:06"]
[BlackClock "0:00:14"]

1. e4 e5 2. Nf3 Nc6 3. d4 exd4 4. Nxd4 Bc5 5. Nb3 Bb6 6. Nc3 Nf6 7. Qe2 O-O 8. Be3 Bxe3 9. Qxe3 d5 10. O-O-O d4 11. Nxd4 Nxd4 12. Rxd4 Qe7 13. f3 Be6 14. Bc4 Bxc4 15. Rxc4 b5 16. Qc5 Qe6 17. Nxb5 Nd7 18. Qxc7 Rfc8 19. Qxc8+ Rxc8 20. Rxc8+ Nf8 21. Rc3 Qxa2 22. Ra3 Qc4 23. Nxa7 g6 24. Rd1 Ne6 25. Rdd3 Nd4 26. Rd2 Qf1+ 27. Rd1 Ne2+ 28. Kd2 Qxg2 29. Ke3 Ng1 30. Rad3 Qxf3+ 31. Kd4 Qf2+ 32. Re3 Nf3+ 33. Kd3 Ne5+ 34. Kd4 Nc4 35. Kxc4 Qxe3 36. Nb5 Qe2+ 37. Rd3 Qxc2+ 38. Nc3 Qxb2 39. h3 Qh2 40. Nd5 Qc2+ 41. Kd4 Qb2+ 42. Ke3 Kg7 43. Rc3 Qa1 44. Rc4 Qe1+ 45. Kd4 Qf2+ 46. Ke5 Qg3+ 47. Kd4 Qg1+ 48. Ke5 Qh2+ 49. Kd4 Qb2+ 50. Nc3 Qd2+ 51. Ke5 Qg5+ 52. Kd4 Qf6+ 53. e5 Qe6 54. Ne4 Qxh3 55. Rc5 Qd7+ 56. Rd5 Qa4+ 57. Ke3 h5 58. Kf4 Qd1 59. Rxd1 g5+ 60. Kxg5 h4 61. Nf6 h3 62. Rh1 h2 63. Rxh2 Kf8 64. Rg2 Ke7 65. Kf4 Ke6 66. Ng4 f6 67. Nf2 Kf7 68. Ke3 fxe5 69. Ne4 Ke6 70. Rf2 Kd5 71. Rd2+ Ke6 72. Rd6+ Kf5 73. Rf6+ Kg4 74. Re6 Kf5 75. Nc5 Kg4 76. Rxe5 Kg3 77. Ke4 Kg2 78. Rf5 Kg3 79. Ne6 Kg4 80. Nf4 Kg3 81. Rg5+ Kh4 82. Rh5+ Kg4 83. Rh1 Kg3 84. Nd5 Kf2 85. Rh8 Ke2 86. Rh2+ Kd1 87. Ke3 Kc1 88. Kd3 1-0

[Event "December 19 Early 2023"]
[Site "https://www.chess.com"]
[Date "2023.12.19"]
[Round "5"]
[White "Floresvillar Gonzalez, Luis Migu"]
[Black "Kuhn, Clement"]
[Result "0-1"]
[Board "212"]
[TimeControl "180+1"]
[WhiteFideId "5100542"]
[BlackFideId "36099775"]
[WhiteElo "2040"]
[BlackElo "2251"]
[WhiteTeam "MEX"]
[BlackTeam "FRA"]
[WhiteClock "0:00:01"]
[BlackClock "0:01:35"]

1. d4 Nf6 2. c3 g6 3. Bg5 Bg7 4. Nd2 d6 5. Ngf3 O-O 6. e4 Nbd7 7. d5 h6 8. Bh4 g5 9. Bg3 Nh5 10. Bd3 Nxg3 11. hxg3 c6 12. dxc6 bxc6 13. Qe2 Rb8 14. O-O-O Qa5 15. Bc4 Rxb2 16. Qd3 Nc5 17. Qe3 Rb6 18. Nb1 Ba6 19. Bxa6 Qxa2 20. Bd3 Qb2# 0-1

[Event "December 19 Early 2023"]
[Site "https://www.chess.com"]
[Date "2023.12.19"]
[Round "5"]
[White "Kotlyar, Kirill"]
[Black "De Souza, Cristiano Gomes"]
[Result "0-1"]
[Board "213"]
[TimeControl "180+1"]
[WhiteFideId "24145599"]
[BlackFideId "2151758"]
[WhiteElo "2397"]
[BlackElo "2068"]
[WhiteTeam "RUS"]
[BlackTeam "BRA"]
[WhiteClock "0:00:43"]
[BlackClock "0:00:52"]

1. e4 c5 2. Nf3 d6 3. d4 cxd4 4. Qxd4 Nf6 5. Nc3 Nc6 6. Bb5 Bd7 7. Bxc6 Bxc6 8. Bg5 e6 9. O-O-O Be7 10. Qd3 Qa5 11. Bd2 Qc7 12. Rdg1 a6 13. Nd4 Bd7 14. g4 b5 15. f4 b4 16. Nce2 e5 17. Nf5 Bb5 18. Qe3 Rc8 19. c3 Qc4 20. Nxe7 Kxe7 21. Ng3 Qxa2 22. Nf5+ Kf8 23. Kd1 Qxb2 24. cxb4 Qb1+ 25. Bc1 Qc2+ 26. Ke1 Nxe4 27. Nxd6 Qxc1+ 28. Qxc1 Rxc1# 0-1

[Event "December 19 Early 2023"]
[Site "https://www.chess.com"]
[Date "2023.12.19"]
[Round "5"]
[White "Sai Han Thiha"]
[Black "Kuchava, Ana"]
[Result "1-0"]
[Board "214"]
[TimeControl "180+1"]
[WhiteFideId "13012290"]
[BlackFideId "13605348"]
[WhiteElo "1954"]
[BlackElo "1950"]
[WhiteTeam "MYA"]
[BlackTeam "GEO"]
[WhiteClock "0:00:40"]
[BlackClock "0:00:03"]

1. Nf3 d5 2. g3 c5 3. Bg2 Nf6 4. O-O Nc6 5. d4 cxd4 6. Nxd4 e6 7. c4 Be7 8. Nc3 O-O 9. Bf4 h6 10. cxd5 exd5 11. Qd3 Be6 12. Nxe6 fxe6 13. Rad1 Qb6 14. Bc1 Ng4 15. e3 Nge5 16. Qe2 Rae8 17. b3 Bf6 18. Bb2 a6 19. Kh1 Nf7 20. f4 Nd6 21. e4 dxe4 22. Rxd6 Qb4 23. Nxe4 Bxb2 24. Qxb2 Nd4 25. Rxd4 1-0

[Event "December 19 Early 2023"]
[Site "https://www.chess.com"]
[Date "2023.12.19"]
[Round "5"]
[White "Vila Dupla, Aurelio"]
[Black "BeReal24"]
[Result "1/2-1/2"]
[Board "215"]
[TimeControl "180+1"]
[WhiteFideId "2203383"]
[WhiteElo "2009"]
[BlackElo "2504"]
[WhiteTeam "ESP"]
[WhiteClock "0:00:07"]
[BlackClock "0:00:05"]

1. Nf3 Nf6 2. d4 b6 3. g3 Bb7 4. Bg2 e6 5. O-O c5 6. c4 cxd4 7. Qxd4 Be7 8. Nc3 O-O 9. Rd1 Nc6 10. Qf4 Qb8 11. b3 Qxf4 12. Bxf4 Rac8 13. Bd6 Bxd6 14. Rxd6 Ne7 15. Ne5 Bxg2 16. Kxg2 Nf5 17. Rd3 d6 18. Nf3 Rfd8 19. e4 Ne7 20. Rad1 d5 21. exd5 exd5 22. Nxd5 Nexd5 23. cxd5 Rc2 24. a4 Ne4 25. Rd4 Nxf2 26. R1d2 Rxd2 27. Rxd2 Ne4 28. Rd4 Nd6 29. Ne5 Re8 30. Nc6 f6 31. Nxa7 Re2+ 32. Kf3 Rb2 33. Rd3 Kf7 34. Nb5 Nxb5 35. axb5 Ke7 36. d6+ Kd7 37. h4 Rc2 38. Rd5 Rc3+ 39. Kg4 Rxb3 40. h5 Re3 41. h6 gxh6 42. Kf5 Re6 43. g4 Rxd6 44. Rxd6+ Kxd6 45. Kxf6 Kc5 46. Kg7 Kxb5 47. Kxh6 Ka4 48. Kxh7 b5 49. g5 b4 50. g6 b3 51. g7 b2 52. g8=Q b1=Q+ 53. Kh8 Qb2+ 54. Qg7 Qxg7+ 55. Kxg7 1/2-1/2

[Event "December 19 Early 2023"]
[Site "https://www.chess.com"]
[Date "2023.12.19"]
[Round "5"]
[White "Tikhonov, Viacheslav"]
[Black "Polak, Kinga"]
[Result "1-0"]
[Board "216"]
[TimeControl "180+1"]
[WhiteFideId "44196407"]
[BlackFideId "1134680"]
[WhiteElo "2209"]
[BlackElo "2075"]
[WhiteTeam "RUS"]
[BlackTeam "POL"]
[WhiteClock "0:00:16"]
[BlackClock "0:00:00"]

1. e4 c5 2. Nf3 Nc6 3. d4 cxd4 4. Nxd4 g6 5. c4 Nf6 6. Nc3 d6 7. Be2 Nxd4 8. Qxd4 Bg7 9. Be3 O-O 10. Qd2 a5 11. O-O a4 12. h3 a3 13. b3 Qa5 14. Rac1 Be6 15. f4 Rfc8 16. Bf3 Rab8 17. Rfd1 Nd7 18. Nb5 Qxd2 19. Bxd2 Nc5 20. Rc2 f5 21. e5 dxe5 22. fxe5 Bxe5 23. Re1 Nd3 24. Re3 Rd8 25. Be2 f4 26. Rxd3 Rxd3 27. Bxd3 Rd8 28. Be4 b6 29. Nxa3 Kf7 30. Nb5 Ra8 31. Bc3 Bxc3 32. Nxc3 Rd8 33. Bd5 Bxd5 34. Nxd5 Rb8 35. Nxf4 h6 36. Nd5 g5 37. a4 e6 38. Rf2+ Kg6 39. Ne7+ Kg7 40. Nc6 Rc8 41. Ne5 1-0

[Event "December 19 Early 2023"]
[Site "https://www.chess.com"]
[Date "2023.12.19"]
[Round "5"]
[White "Namitbir Singh Walia"]
[Black "Petersson, Kjell"]
[Result "1-0"]
[Board "217"]
[TimeControl "180+1"]
[WhiteFideId "35071068"]
[BlackFideId "1705148"]
[WhiteElo "2239"]
[BlackElo "1994"]
[WhiteTeam "IND"]
[BlackTeam "SWE"]
[WhiteClock "0:00:52"]
[BlackClock "0:00:00"]

1. e4 c5 2. Nf3 d6 3. d4 cxd4 4. Nxd4 Nf6 5. f3 e5 6. Nb3 Be7 7. c4 O-O 8. Nc3 Be6 9. Be3 Nbd7 10. Be2 a6 11. O-O Rb8 12. Qd2 Qc8 13. Nd5 Bxd5 14. cxd5 b5 15. Na5 Bd8 16. Nc6 Rb7 17. Rfc1 Rc7 18. a4 b4 19. Nxb4 Nc5 20. Qd1 Qb7 21. Nc6 Nfd7 22. b4 f5 23. bxc5 dxc5 24. Rab1 Qc8 25. Nxd8 Qxd8 26. d6 Rc6 27. Qd5+ 1-0

[Event "December 19 Early 2023"]
[Site "https://www.chess.com"]
[Date "2023.12.19"]
[Round "5"]
[White "Donatti, Alvaro"]
[Black "Marchesich, Giovanni"]
[Result "0-1"]
[Board "218"]
[TimeControl "180+1"]
[WhiteFideId "3000303"]
[BlackFideId "2824790"]
[WhiteElo "2138"]
[BlackElo "2198"]
[WhiteTeam "URU"]
[BlackTeam "ITA"]
[WhiteClock "0:00:00"]
[BlackClock "0:00:16"]

1. e4 e5 2. Nf3 Nc6 3. Bb5 a6 4. Ba4 Bc5 5. O-O Nge7 6. c3 Ba7 7. d4 Ng6 8. Be3 O-O 9. Nbd2 d5 10. exd5 exd4 11. Nxd4 Nxd4 12. Bxd4 Bxd4 13. cxd4 Qxd5 14. Nf3 Bg4 15. Bb3 Qd6 16. Qd3 Nf4 17. Qe3 Nd5 18. Qd3 Be6 19. Ng5 g6 20. Ne4 Qd8 21. Qf3 Kg7 22. Qg3 Qe7 23. Ng5 Rad8 24. Rfe1 Qf6 25. Ne4 Qf4 26. Qxf4 Nxf4 27. Rad1 Bxb3 28. axb3 b6 0-1

[Event "December 19 Early 2023"]
[Site "https://www.chess.com"]
[Date "2023.12.19"]
[Round "5"]
[White "Nord, Alexander"]
[Black "Ghosh, Chanchal Kumer"]
[Result "1-0"]
[Board "219"]
[TimeControl "180+1"]
[WhiteFideId "1738135"]
[BlackFideId "10201858"]
[WhiteElo "2077"]
[BlackElo "2067"]
[WhiteTeam "SWE"]
[BlackTeam "BAN"]
[WhiteClock "0:00:07"]
[BlackClock "0:00:00"]

1. b3 d5 2. Bb2 e6 3. Nf3 c5 4. e3 Nc6 5. Bb5 Qb6 6. Qe2 Nf6 7. O-O Be7 8. Ne5 O-O 9. Bxc6 bxc6 10. f4 Bd6 11. g4 Ba6 12. d3 c4 13. g5 Bxe5 14. Bxe5 Nd7 15. Bb2 cxd3 16. cxd3 Qb5 17. Rd1 Nc5 18. Na3 Qb4 19. Rac1 Rfc8 20. Qc2 Nd7 21. Nb1 c5 22. Ba1 Rab8 23. Qb2 f6 24. Nc3 c4 25. dxc4 Bxc4 26. bxc4 Qxb2 27. Bxb2 Rxb2 28. cxd5 exd5 29. Nxd5 Rxc1 30. Rxc1 Rxa2 31. Rc8+ Kf7 32. Rc7 Ke6 33. Nb4 Ra1+ 34. Kg2 fxg5 35. Nc2 Ra2 36. Kf3 gxf4 37. exf4 Kd6 38. Rc8 Nb6 39. Rc3 Nd5 40. Rc8 Kd7 41. Rc5 Kd6 42. Rxd5+ Kxd5 43. Nb4+ Kc4 44. Nxa2 a5 45. Ke4 Kb3 46. Nc1+ Kb2 47. Nd3+ Kc3 48. Nc5 Kc4 49. Na4 Kb4 50. Nb6 Kb5 51. Nd5 Kc4 52. Ke5 Kc5 53. Nc3 Kc4 54. Na4 Kb4 55. Nb6 Kb5 56. Nd5 Kc5 57. Nc3 Kc4 58. Nb1 1-0

[Event "December 19 Early 2023"]
[Site "https://www.chess.com"]
[Date "2023.12.19"]
[Round "5"]
[White "Nikulina, Alena"]
[Black "Bach Ngoc Thuy Duong"]
[Result "0-1"]
[Board "220"]
[TimeControl "180+1"]
[WhiteFideId "4172051"]
[BlackFideId "12408956"]
[WhiteElo "1627"]
[BlackElo "1970"]
[WhiteTeam "RUS"]
[BlackTeam "VIE"]
[WhiteClock "0:00:00"]
[BlackClock "0:00:12"]

1. e4 c5 2. Nf3 d6 3. c3 Nf6 4. h3 g6 5. Bd3 Bg7 6. Bc2 O-O 7. O-O b5 8. d4 Bb7 9. Re1 cxd4 10. cxd4 d5 11. e5 Ne4 12. Nc3 Nxc3 13. bxc3 Nc6 14. Rb1 Ba6 15. a4 bxa4 16. Bxa4 Na5 17. Bb5 Bc8 18. Qa4 a6 19. Bd3 Bd7 20. Qc2 Qc7 21. Ba3 Rfe8 22. Bc5 Nc4 23. Nd2 Nxe5 24. Bf1 Nc6 25. Rb6 Nxd4 26. cxd4 Bxd4 27. Rc1 Rec8 28. Rxa6 Rxa6 29. Bxd4 Qxc2 30. Rxc2 Rxc2 31. Bxa6 Rxd2 32. Be3 Rd1+ 33. Kh2 d4 34. Bf4 d3 35. Bc4 Be6 36. Bb5 Bb3 37. Kg3 f6 38. h4 e5 39. Be3 Kf7 40. Ba6 Ke6 41. Kf3 Bd5+ 42. Kg3 f5 43. Bc8+ Ke7 44. Ba6 f4+ 45. Bxf4 exf4+ 46. Kxf4 Bxg2 47. Ke3 Bf1 48. f4 Kf6 49. Bc4 Be2 50. Bb5 Rh1 0-1

[Event "December 19 Early 2023"]
[Site "https://www.chess.com"]
[Date "2023.12.19"]
[Round "5"]
[White "Viskelis, Darius"]
[Black "Tilahun , Abel Mathewos"]
[Result "1-0"]
[Board "221"]
[TimeControl "180+1"]
[WhiteFideId "12800830"]
[BlackFideId "15702391"]
[WhiteElo "1860"]
[BlackElo "1917"]
[WhiteTeam "LTU"]
[BlackTeam "ETH"]
[WhiteClock "0:00:54"]
[BlackClock "0:00:00"]

1. e4 e6 2. d4 d5 3. e5 c5 4. c3 Bd7 5. Nf3 Qb6 6. Be2 cxd4 7. cxd4 Bb5 8. O-O Bxe2 9. Qxe2 Nc6 10. Be3 Nge7 11. Nbd2 Nf5 12. Nb3 Be7 13. g4 Nxe3 14. fxe3 O-O 15. Rac1 f6 16. Nc5 Bxc5 17. dxc5 Qc7 18. exf6 Rxf6 19. Nd4 Raf8 20. Rxf6 Rxf6 21. Rf1 Rxf1+ 22. Qxf1 Qe5 23. Qd3 h6 24. Kg2 Nb4 25. Qb5 Qe4+ 26. Kf2 Nd3+ 27. Ke2 Nf4+ 28. Kd2 Ng2 29. Qe8+ Kh7 30. Qxe6 Qxe6 31. Nxe6 Nh4 32. Nd8 Nf3+ 33. Kd3 Nxh2 34. Nxb7 Nxg4 35. c6 Ne5+ 36. Kd4 Nxc6+ 37. Kxd5 Ne7+ 38. Ke5 h5 39. b4 g5 40. b5 h4 41. Ke4 h3 42. Kf3 Kg6 43. Nd6 Kh5 44. a4 1-0

[Event "December 19 Early 2023"]
[Site "https://www.chess.com"]
[Date "2023.12.19"]
[Round "5"]
[White "Nery Junior, Jose Antonio"]
[Black "Bogumil, Tatiana"]
[Result "1-0"]
[Board "222"]
[TimeControl "180+1"]
[WhiteFideId "2104822"]
[BlackFideId "4110579"]
[WhiteElo "2197"]
[BlackElo "1853"]
[WhiteTeam "BRA"]
[BlackTeam "RUS"]
[WhiteClock "0:00:57"]
[BlackClock "0:00:00"]

1. e4 d6 2. d4 g6 3. Nc3 Bg7 4. g3 c6 5. Bg2 Nf6 6. Nge2 O-O 7. O-O Nfd7 8. h3 c5 9. Be3 Nc6 10. Qd2 Re8 11. Rad1 cxd4 12. Nxd4 Nde5 13. b3 Rb8 14. f4 Nd7 15. Nxc6 bxc6 16. Bxa7 Ra8 17. Bd4 e5 18. Be3 exf4 19. gxf4 Qa5 20. Bd4 Bxd4+ 21. Qxd4 Qc5 22. a4 Ba6 23. Rfe1 d5 24. Qxc5 Nxc5 25. exd5 cxd5 26. Nxd5 Rxe1+ 27. Rxe1 Kg7 28. Nc7 Ra7 29. Nxa6 Rxa6 30. Rd1 1-0

[Event "December 19 Early 2023"]
[Site "https://www.chess.com"]
[Date "2023.12.19"]
[Round "5"]
[White "Dilmukhametov, Artur"]
[Black "Bushonica"]
[Result "1-0"]
[Board "223"]
[TimeControl "180+1"]
[WhiteFideId "24179922"]
[WhiteElo "2176"]
[BlackElo "1920"]
[WhiteTeam "RUS"]
[WhiteClock "0:01:46"]
[BlackClock "0:00:25"]

1. e4 e5 2. Nf3 Nf6 3. Nxe5 Qe7 4. d4 d6 5. Nf3 Qxe4+ 6. Qe2 Qxe2+ 7. Bxe2 Bf5 8. c3 Nc6 9. O-O O-O-O 10. Bg5 Be7 11. Bc4 d5 12. Bb3 Ne4 13. Bxe7 Nxe7 14. Nbd2 f6 15. Rfe1 c6 16. Nxe4 Bxe4 17. Nd2 f5 18. f3 Bxf3 19. Nxf3 Ng6 20. Ne5 Nxe5 21. Rxe5 Rhf8 22. Bc2 g6 23. Re7 Rd7 24. Rae1 Rf7 25. Rxd7 Kxd7 26. Kf2 Kd6 27. h4 h6 28. Re5 Rf6 29. Ke3 c5 30. Bb3 c4 31. Bc2 b5 32. Bd1 Kc6 33. Bf3 Rd6 34. Kf4 a5 35. g4 b4 36. gxf5 gxf5 37. Kxf5 b3 38. a3 1-0